 Dungeon Crawl Stone Soup version 0.22-a0-284-g99d1f74 (webtiles) character file.

58 inmateoo the Skirmisher (level 4, -1/37 HPs)
             Began as a Barachi Fighter on Mar 22, 2018.
             Slain by a wight
             ... wielding a +3 battleaxe of freezing
              (3 damage)
             ... on level 1 of the Dungeon.
             The game lasted 00:02:08 (782 turns).

inmateoo the Skirmisher (Barachi Fighter)            Turns: 782, Time: 00:02:09

Health: -1/37      AC:  8    Str: 24    XL:     4   Next: 1%
Magic:  4/4        EV:  7    Int:  8    God:
Gold:   71         SH:  9    Dex: 11    Spells: 3/3 levels left

rFire    . . .     SeeInvis .   a - +0 trident
rCold    + . .     Gourm    .   c - +0 shield
rNeg     . . .     Faith    .   b - +0 scale mail
rPois    .         Spirit   .   j - +0 helmet
rElec    .         Reflect  .   (no cloak)
rCorr    .         Harm     .   (no gloves)
MR       .....                  (no boots)
Stlth    ..........             (no amulet)
HPRegen  0.12/turn              e - ring of protection from cold
MPRegen  0.09/turn              (no ring)

@: mighty, can't hop, drained, slow
A: +LOS, swims, slowness 1, strong legs 1
a: Hop


You were on level 1 of the Dungeon.
You were not hungry.

You visited 1 branch of the dungeon, and saw 2 of its levels.

You collected 71 gold pieces.

Inventory:

Hand Weapons
 a - a +0 trident (weapon)
Armour
 b - a +0 scale mail (worn)
 c - a +0 shield (worn)
 j - a +0 helmet (worn)
Jewellery
 e - a ring of protection from cold (left hand)
Scrolls
 h - a scroll of identify {unknown}
Potions
 g - a potion of flight {unknown}
Comestibles
 f - 3 rations


   Skills:
 + Level 4.2(3.7) Fighting
 * Level 2.9(2.5) Polearms
 + Level 4.1(3.7) Armour
 + Level 3.8(3.4) Shields


You had 3 spell levels left.
You didn't know any spells.

Dungeon Overview and Level Annotations

Branches:
Dungeon (2/15)

Altars:


Innate Abilities, Weirdness & Mutations

Shadows flee at your approach. (+LOS)
You can swim through water.
You cover ground slowly.
You can hop short distances.


Message History

There is a stone staircase leading down here.
You hit the wight.
The wight is moderately damaged.
The wight hits you with a battleaxe of freezing!
* * * LOW HITPOINT WARNING * * *
You feel drained.
* * * LOW HITPOINT WARNING * * *
The wight freezes you.
* * * LOW HITPOINT WARNING * * *
Hop to where?
Press: ? - help, Dir - move target cursor Boing!
You feel very mighty all of a sudden.
Attack whom?
Press: ? - help, Dir - move target cursor, f - wight
Aim: a wight, wielding a battleaxe of freezing and wearing a robe (moderately damaged)
You completely miss the wight.
The wight is moderately damaged.
The wight hits you with a battleaxe of freezing.
You die...

.......#.##..############
##'#.#+#+##..#..........#
.............#..........#
.............'..).......#
...........#.#..).......#
...#'#######.#..).......#
##.#.# #.#...÷......# #.#.#
#.#..........#####
##.#.#######+#.z@...........#
##.#..........>#####........#
##..##....#....# #........#
##..##....#....# #........#
..........#..÷.# #........#
#...#.#####....# #........#
#...#.# #....# #........#
......# #....# #........#
#...### #....# #........#


You could see a wight.

Vanquished Creatures
  An adder (D:2)
  2 worms (D:2)
  A dart slug (D:1)
  2 leopard geckos (D:1)
  3 bats (D:1)
  3 giant cockroaches
  6 goblins (D:1)
  4 hobgoblins (D:1)
  2 jackals (D:2)
  A ball python (D:2)
  4 frilled lizards
  4 kobolds (D:1)
  4 rats
37 creatures vanquished.

Notes
Turn   | Place    | Note
-------+----------+-------------------------------------------
     0 | D:1      | inmateoo the Barachi Fighter began the quest for the Orb.
     0 | D:1      | Reached XP level 1. HP: 18/18 MP: 1/1
    49 | D:1      | Reached XP level 2. HP: 21/25 MP: 2/2
   333 | D:1      | Reached XP level 3. HP: 30/30 MP: 3/3
   773 | D:2      | Reached XP level 4. HP: 25/37 MP: 4/4
   782 | D:1      | Slain by a wight

Vault maps used:
D:1:      grunt_arrival_lava_bath
D:2:      nemelex_xobeh_ov_fountains_minmay, uniq_sigmund

Skill      XL: |  1  2  3 |
---------------+----------+-----
Fighting       | 4 |  4.2
Armour         | 4 |  4.1
Polearms       | |  2.9
Shields        | |  3.8

Action                   |  1- 3 |  4- 6 || total
-------------------------+-------+-------++-------
Melee: Trident           |   164 |     4 ||   168
 Abil: Hop               |     1 |     1 ||     2
  Use: Scroll            |     2 |       ||     2
       Potion            |       |     1 ||     1
Armor: Scale mail        |    66 |       ||    66
Dodge: Dodged            |    39 |     1 ||    40
Block: Shield            |    80 |     2 ||    82

Table legend:
 A = Spawn XP
 B = Non-spawn XP
 C = Spawn XP percentage of total XP
 D = Spawn monster count
 E = Non-spawn monster count
 F = Spawn count percentage of total count
 G = Total turns spent on level
                    A         B        C        D         E        F      G
               +---------+---------+-------+---------+---------+-------+---------
         Total |       0 |      83 |   0.0 |       0 |      37 |   0.0 |   782
               +---------+---------+-------+---------+---------+-------+---------
           D:1 |       0 |      51 |   0.0 |       0 |      28 |   0.0 |   632
           D:2 |       0 |      32 |   0.0 |       0 |       9 |   0.0 |   150
               +---------+---------+-------+---------+---------+-------+---------
